 Dungeon Crawl Stone Soup version 0.21.1-1-g345015f (webtiles) character file.

983 letownia2 the Chiller (level 8, 38/38 HPs)
             Began as a Vine Stalker Ice Elementalist on Feb 24, 2018.
             Quit the game in the Ecumenical Temple.
             The game lasted 00:15:15 (2078 turns).

letownia2 the Chiller (VSIE)                        Turns: 2078, Time: 00:15:16

Health: 38/38      AC:  4    Str: 12    XL:     8   Next: 17%
Magic:  15/15      EV: 12    Int: 17    God:
Gold:   70         SH:  0    Dex: 14    Spells: 5/15 levels left

rFire    . . .     SeeInvis .   f - +0 dagger
rCold    . . .     Gourm    .   (no shield)
rNeg     . . .     Faith    .   r - +2 robe
rPois    .         Spirit   +   (no helmet)
rElec    .         Reflect  .   (no cloak)
rCorr    .         Harm     .   (no gloves)
MR       +....                  (no boots)
Stlth    ++........             (no amulet)
HPRegen  0.52/turn              (no ring)
MPRegen  0.14/turn              (no ring)

@: no status effects
A: fangs 3, regeneration 1, magic shield, antimagic bite, no potion heal 3, rot
immunity
a: no special abilities


You were in the Ecumenical Temple.
You were hungry.

You visited 2 branches of the dungeon, and saw 8 of its levels.

You collected 154 gold pieces.
You spent 84 gold pieces at shops.

Inventory:

Hand Weapons
 e - a +0 hunting sling
 f - a +0 dagger (weapon)
Armour
 i - a +0 leather armour
 r - a +2 robe (worn)
Wands
 j - a wand of iceblast (5)
 o - a wand of digging (14)
Scrolls
 d - 2 scrolls of identify
 g - 2 scrolls of remove curse {unknown}
 h - 3 scrolls of enchant weapon {unknown}
Potions
 a - a potion of degeneration {unknown}
 k - a potion of flight {unknown}
 l - 2 potions of resistance
 m - a potion of lignification
 n - 3 potions of brilliance
Books
 b - a book of Frost

   Spells                             Type                      Level
   a - Freeze                         Ice                          1
   b - Throw Frost                    Conjuration/Ice              2
   c - Ozocubu's Armour               Charms/Ice                   3
   d - Throw Icicle                   Conjuration/Ice              4
   e - Summon Ice Beast               Ice/Summoning                4
 p - a book of Flames

   Spells                             Type                      Level
   a - Flame Tongue                   Conjuration/Fire             1
   b - Throw Flame                    Conjuration/Fire             2
   c - Conjure Flame                  Conjuration/Fire             3
   d - Inner Flame                    Hexes/Fire                   3
   e - Sticky Flame                   Conjuration/Fire             4
   f - Fireball                       Conjuration/Fire             5
Comestibles
 c - 7 rations


   Skills:
 + Level 1.7 Fighting
 - Level 2.0 Dodging
 - Level 2.4 Stealth
 - Level 4.1 Spellcasting
 - Level 4.4 Conjurations
 - Level 2.1 Charms
 - Level 2.2 Fire Magic
 - Level 6.3 Ice Magic


You had 5 spell levels left.
You knew the following spells:

 Your Spells              Type           Power        Failure   Level  Hunger
a - Freeze                Ice            ####         1%          1    None
c - Conjure Flame         Conj/Fire      ##......     12%         3    ###....
d - Flame Tongue          Conj/Fire      ##...        4%          1    None
f - Throw Frost           Conj/Ice       ###...       2%          2    ##.....
o - Ozocubu's Armour      Chrm/Ice       ###.....     9%          3    ###....


Dungeon Overview and Level Annotations

Branches:
Dungeon (7/15)             Temple (1/1) D:6

Altars:
Gozag
Kikubaaqudgha
Nemelex Xobeh
Okawaru
Qazlal
Ru
Trog
Uskayaw
Vehumet
Wu Jian
Xom
Yredelemnul
Zin
The Shining One

Shops:
D:4 !


Innate Abilities, Weirdness & Mutations

You have razor-sharp teeth.
Your natural rate of healing is unusually fast.
When hurt, damage is shared between your health and your magic reserves.
Your bite disrupts and absorbs the magic of your enemies.
Potions cannot restore your health.
You are immune to rotting.


Message History

Found a ration.
You enter the shallow water.
Moving in this stuff is going to be slow.
There is a staircase to the Ecumenical Temple here.
You climb downwards.
Welcome to the Ecumenical Temple!
Found a sacrificial altar of Ru and a bloodstained altar of Trog.
There is a staircase back to the Dungeon here.
Found a glowing silver altar of Zin.
Found an ornate altar of the Wu Jian Council.
Found a basalt altar of Yredelemnul.
Found an ancient bone altar of Kikubaaqudgha.
There is an ancient bone altar of Kikubaaqudgha here.
You are feeling hungry.
Found a shimmering altar of Xom.
Unknown command.
Unknown command.
Found an iron altar of Okawaru.
There is a shimmering altar of Xom here.
Found an opulent altar of Gozag.
Are you sure you want to abandon this character and quit the game? (Confirm with "yes".)

..............................
.............................≈
............................§≈
......................_..§.≈≈§
........................§§≈§≈§
........................§§§≈§≈
.......................§§§≈≈§≈
........_........._....≈§≈§≈§§
................@.....≈≈≈§≈≈≈§
.....................≈§≈≈≈§§≈§
....................≈§≈≈§§§≈§
.._..........._....≈§§≈≈§§§≈
.................§§≈≈≈≈§§≈
.§..............§≈§≈≈≈≈≈§≈
§.§.............§§≈≈≈≈§≈≈
≈≈§............≈ ≈≈≈≈≈≈§
≈≈≈.....<.....≈≈


There were no monsters in sight!

Vanquished Creatures
  An ice beast (D:5)
  A black bear (D:6)
  A centaur (D:5)
  An ogre (D:4)
  Blork the orc (D:4)
  A scorpion (D:5)
  2 crimson imps (D:6)
  A jelly (D:6)
  A centaur skeleton (D:4)
  An orc priest (D:4)
  2 hounds (D:6)
  Ijyb (D:4)
  2 iguanas
  3 worker ants
  6 gnolls
  4 adders
  An ooze (D:5)
  An adder skeleton (D:4)
  A worm (D:4)
  A dart slug (D:2)
  2 leopard geckos
  3 orcs (D:4)
  2 bats
  A giant cockroach (D:4)
  4 goblins
  8 jackals
  A quokka (D:5)
  3 frilled lizards
  3 kobolds
  4 rats (D:2)
64 creatures vanquished.

Notes
Turn   | Place    | Note
-------+----------+-------------------------------------------
     0 | D:1      | letownia2 the Vine Stalker Ice Elementalist began the quest for the Orb.
     0 | D:1      | Reached XP level 1. HP: 9/9 MP: 4/4
    61 | D:1      | Noticed a bullfrog
   146 | D:3      | Noticed an orc wizard
   152 | D:2      | Reached XP level 2. HP: 13/13 MP: 0/6
   214 | D:2      | Found a sparkling altar of Nemelex Xobeh.
   238 | D:2      | Reached skill level 4 in Ice Magic
   242 | D:2      | Found a radiant altar of Vehumet.
   288 | D:2      | Found a stormy altar of Qazlal.
   325 | D:2      | Reached XP level 3. HP: 13/16 MP: 1/7
   394 | D:2      | Learned a level 3 spell: Ozocubu's Armour
   510 | D:4      | Gained mutation: Your natural rate of healing is unusually fast. [Vine Stalker growth]
   510 | D:4      | Reached XP level 4. HP: 9/21 MP: 1/8
   514 | D:4      | Learned a level 2 spell: Throw Frost
   529 | D:4      | Noticed Ijyb
   552 | D:4      | Killed Ijyb
   552 | D:4      | Reached skill level 5 in Ice Magic
   594 | D:4      | Found Pecoshuna's Distillery.
   601 | D:4      | Bought a potion of lignification for 36 gold pieces
   601 | D:4      | Bought a potion of brilliance for 48 gold pieces
   663 | D:4      | Reached skill level 1 in Charms
   663 | D:4      | Reached XP level 5. HP: 22/24 MP: 4/9
   721 | D:4      | HP: 1/24 [gnoll/halberd (11)]
   901 | D:4      | Noticed an ogre
   915 | D:4      | Noticed Blork the orc
   954 | D:4      | Killed an ogre
   954 | D:4      | Reached XP level 6. HP: 28/28 MP: 4/11
  1001 | D:4      | Killed Blork the orc
  1006 | D:4      | Learned a level 3 spell: Conjure Flame
  1126 | D:4      | You fall through a shaft for 3 floors!
  1131 | D:6      | Noticed a black bear
  1151 | D:6      | Killed a black bear
  1151 | D:6      | Reached skill level 6 in Ice Magic
  1151 | D:6      | Reached XP level 7. HP: 22/32 MP: 1/13
  1185 | D:5      | Entered Level 5 of the Dungeon
  1199 | D:5      | Found a hide-covered altar of Uskayaw.
  1393 | D:4      | Found a glowing golden altar of the Shining One.
  1428 | D:5      | Reached skill level 1 in Fire Magic
  1892 | D:6      | Learned a level 1 spell: Flame Tongue
  1916 | D:5      | Gained mutation: You have razor-sharp teeth. [Vine Stalker growth]
  1916 | D:5      | Reached XP level 8. HP: 36/36 MP: 0/15
  1953 | D:6      | Reached skill level 1 in Fighting
  2016 | D:6      | Found a staircase to the Ecumenical Temple.
  2025 | Temple   | Entered the Ecumenical Temple
  2078 | Temple   | Quit the game

Skill      XL: |  1  2  3  4  5  6  7  8 |
---------------+-------------------------+-----
Ice Magic      | 4 5 6 |  6.3
Dodging        | 2 |  2.0
Charms         | 1 2 |  2.1
Conjurations   | 2 4 |  4.4
Spellcasting   | 3 4 |  4.1
Fire Magic     | 2 |  2.2
Fighting       | 1 |  1.7
Stealth        | |  2.4

Action                   |  1- 3 |  4- 6 |  7- 9 || total
-------------------------+-------+-------+-------++-------
Melee: Unarmed           |     2 |       |       ||     2
       Bite              |     4 |    12 |     7 ||    23
       Dagger            |    15 |    46 |    25 ||    86
 Cast: Freeze            |    32 |    36 |    49 ||   117
       Ozocubu's Armour  |       |     4 |     3 ||     7
       Flame Tongue      |       |       |     8 ||     8
       Conjure Flame     |       |       |     3 ||     3
Evoke: Wand              |       |     3 |       ||     3
  Use: Scroll            |       |       |     1 ||     1
 Stab: Distracted        |     1 |       |       ||     1
       Sleeping          |       |       |     3 ||     3
  Eat: Chunk             |       |     2 |     3 ||     5
Armor: Robe              |     6 |     8 |    27 ||    41
       Leather armour    |     1 |     7 |       ||     8
Dodge: Dodged            |    21 |    48 |    30 ||    99
